 Dungeon Crawl Stone Soup version 0.23-a0-405-g368ce00 (webtiles) character file.

49 MisterFreud the Sneak (level 3, -2/28 HPs)
             Began as a Naga Fire Elementalist on Nov 6, 2018.
             Slain by a kobold
             ... wielding a cursed -2 whip
              (6 damage)
             ... on level 2 of the Dungeon.
             The game lasted 00:04:06 (1372 turns).

MisterFreud the Sneak (Naga Fire Elementalist)      Turns: 1372, Time: 00:04:07

Health: -2/28      AC:  2    Str: 10    XL:     3   Next: 75%
Magic:  5/6        EV: 10    Int: 16    God:
Gold:   99         SH:  0    Dex: 11    Spells: 5/6 levels left

rFire    . . .     SeeInvis +   e - +0 dagger
rCold    . . .     Gourm    .   (no shield)
rNeg     . . .     Faith    .   a - +0 robe
rPois    +         Spirit   .   (no helmet)
rElec    .         Reflect  .   (no cloak)
rCorr    .         Harm     .   (no gloves)
MR       .....                  (no barding)
Stlth    +++.......             (no amulet)
HPRegen  0.09/turn              (no ring)
MPRegen  0.10/turn              (no ring)

@: very slow
A: large, see invisible, deformed body, poison resistance, slowness 2, slow
metabolism 1, spit poison 1, AC +1
a: Spit Poison


You were on level 2 of the Dungeon.
You were not hungry.

You visited 1 branch of the dungeon, and saw 2 of its levels.

You collected 99 gold pieces.

Inventory:

Hand Weapons
 e - a +0 dagger (weapon)
Armour
 a - a +0 robe (worn)
Scrolls
 f - a scroll of remove curse {unknown}
 i - a scroll of identify
 j - a scroll of fog {unknown}
Potions
 d - a potion of might
 g - a potion of heal wounds {unknown}
 h - a potion of degeneration {unknown}
Comestibles
 b - 2 chunks of flesh
 c - 4 rations


   Skills:
 - Level 1.5 Dodging
 - Level 5.0 Stealth
 - Level 2.0 Spellcasting
 + Level 2.4 Conjurations
 - Level 3.0 Fire Magic


You had 5 spell levels left.
You knew the following spells:

 Your Spells              Type           Power        Failure   Level  Hunger
a - Flame Tongue          Conj/Fire      ##...        7%          1    #......

Your spell library contained the following spells:

 Spells                   Type           Power        Failure   Level  Hunger
 Throw Flame              Conj/Fire      ##....       11%         2    ###....
 Conjure Flame            Conj/Fire      ##......     21%         3    ###....
 Inner Flame              Hex/Fire       #.......     32%         3    ###....
 Sticky Flame             Conj/Fire      ##......     56%         4    #####..
 Fireball                 Conj/Fire      ##........   88%         5    ######.


Dungeon Overview and Level Annotations

Branches:
Dungeon (2/15)

Altars:

Annotations:
D:2 Robin


Innate Abilities, Weirdness & Mutations

You cannot wear boots.
Your serpentine skin is tough. (AC +1)
You have supernaturally acute eyesight. (SInv)
Armour fits poorly on your strangely shaped body.
Your system is resistant to poisons. (rPois)
You cover ground very slowly.
You have a slow metabolism.
You can spit poison.


Message History

Aiming: Flame Tongue (safe; 7% risk of failure)
Press: ? - help, Shift-Dir - straight line, f - hobgoblin
Aim: a hobgoblin, wielding a +0 club (unusually strong)
The flame tongue hits the hobgoblin.
You kill the hobgoblin!
The goblin hits you with a +0 club.
The kobold hits you with a cursed -2 whip.
The goblin hits you with a +0 club. The hobgoblin closely misses you.
As you read the scroll labeled DYIDULL KITI, it crumbles to dust.
It is a scroll of identify.
d - a potion of might Robin roars a battlecry!
The goblin goes into a battle-frenzy!
The kobold hits you with a +0 short sword.
* * * LOW HITPOINT WARNING * * *
The goblin hits you with a +0 club.
* * * LOW HITPOINT WARNING * * *
The goblin hits you but does no damage.
The kobold hits you with a cursed -2 whip.
You die...

....................
............†.#####
...........(.# #
#.#.........[#
#.##.#..........#
...#.g..g.....#
#######.#g####.###.#
#......KKg...#...#.#
#.....g@gggg........
#.....gggg............
#.......g.............
#.....................
#............##....###
#...%........# #####
#............#
#............#


You could see Robin, 3 hobgoblins, 9 goblins and 2 kobolds.

Vanquished Creatures
  An adder (D:2)
  An ooze (D:1)
  4 bats (D:1)
  2 giant cockroaches (D:1)
  4 goblins
  5 hobgoblins
  A ball python (D:1)
  4 frilled lizards (D:1)
  9 kobolds
  3 rats
34 creatures vanquished.

Notes
Turn   | Place    | Note
-------+----------+-------------------------------------------
     0 | D:1      | MisterFreud the Naga Fire Elementalist began the quest for
                  | the Orb.
     0 | D:1      | Reached XP level 1. HP: 15/15 MP: 3/3
    68 | D:1      | Reached skill level 4 in Stealth
    68 | D:1      | Reached XP level 2. HP: 22/22 MP: 0/5
   778 | D:1      | Reached skill level 5 in Stealth
   871 | D:1      | Reached XP level 3. HP: 26/28 MP: 6/6
  1362 | D:2      | Noticed Robin
  1372 | D:2      | Slain by a kobold

Vault maps used:
D:1:      denvon_arrival_planthouse, st_stairs_3
D:2:      minmay_overflow_temple_star_quad, first_ration, uniq_robin

Skill      XL: |  1  2  3 |
---------------+----------+-----
Stealth        | 4 5 |  5.0
Conjurations   | 2 |  2.4
Dodging        | |  1.5
Spellcasting   | |  2.0
Fire Magic     | |  3.0

Action                   || total
-------------------------++-------
Melee: Club              ||     4
       Dagger            ||     9
 Cast: Flame Tongue      ||    25
 Abil: Spit Poison       ||    20
  Use: Scroll            ||     1
 Stab: Sleeping          ||     4
  Eat: Chunk             ||     2
Armor: Robe              ||     7
Dodge: Dodged            ||    19

Table legend:
 A = Non-vault XP
 B = Vault XP
 C = Vault XP percentage of total XP
 D = Non-vault monster count
 E = Vault monster count
 F = Vault count percentage of total count
                 A         B        C        D         E       F
            +---------+---------+-------+---------+---------+-------
      Total |      65 |       5 |   7.1 |      31 |       3 |   8.8
            +---------+---------+-------+---------+---------+-------
        D:1 |      46 |       3 |   6.1 |      26 |       2 |   7.1
        D:2 |      19 |       2 |   9.5 |       5 |       1 |  16.7
            +---------+---------+-------+---------+---------+-------
